 Dungeon Crawl Stone Soup version 0.30-a0-880-gc856795 (webtiles) character file.

Game seed: 8855002059968851205

404 Nithhogg the Chopper (level 6, -12/57 HPs)
             Began as a Hill Orc Fighter on Mar 10, 2023.
             Mangled by an ogre
             ... wielding a +0 giant club
              (27 damage)
             ... on level 4 of the Dungeon on Mar 14, 2023.
             The game lasted 00:08:06 (2845 turns).

Nithhogg the Chopper (Hill Orc Fighter)             Turns: 2845, Time: 00:08:07

Health: -12/57     AC:  8    Str: 21    XL:     6   Next: 86%
Magic:  6/6        EV:  9    Int:  8    God:
Gold:   188        SH:  0    Dex: 10    Spells: 5/5 levels left

rFire   . . .      SeeInvis .    a - +0 war axe
rCold   . . .      Faith    .    (no shield)
rNeg    . . .      Spirit   .    b - +0 scale mail
rPois   .          Reflect  .    (no helmet)
rElec   .          Rampage  .    (no cloak)
rCorr   .                        (no gloves)
Will    .....                    s - +0 pair of boots Stlth
                                 (no amulet)
HPRegen 0.29/turn                (no ring)
MPRegen 0.10/turn                (no ring)

@: no status effects
A: no striking features
a: no special abilities


You were on level 4 of the Dungeon.
You visited 1 branch of the dungeon, and saw 4 of its levels.

You collected 188 gold pieces.

Inventory:

Hand Weapons
 a - a +0 war axe (weapon)
Armour
 b - a +0 scale mail (worn)
 c - a +0 buckler
 s - a +0 pair of boots (worn)
Jewellery
 o - a ring of positive energy
Scrolls
 e - a scroll of silence {unknown}
 g - 3 scrolls of identify {unknown}
 h - 2 scrolls of blinking {unknown}
 i - a scroll of enchant armour {unknown}
 j - 2 scrolls of fear {unknown}
 k - a scroll of vulnerability {unknown}
 t - a scroll of poison {unknown}
Potions
 d - a potion of mutation {unknown}
 f - a potion of invisibility {unknown}
 l - 4 potions of degeneration {unknown}
 m - 3 potions of curing {unknown}
 n - a potion of heal wounds {unknown}
 p - a potion of haste {unknown}
 q - a potion of berserk rage {unknown}
 r - a potion of flight {unknown}


   Skills:
 + Level 5.7 Fighting
 * Level 6.3 Axes
 + Level 5.2 Armour
 - Level 3.2 Shields


You had 5 spell levels left.
You didn't know any spells.
Your spell library contained the following spells:

 Spells                   Type           Power      Damage    Failure   Level
 Inner Flame              Hex/Fire       0%         N/A       97%         3
 Cause Fear               Hex            0%         N/A       100%        4
 Discord                  Hex            0%         N/A       100%        8


Dungeon Overview and Level Annotations

Branches:
Dungeon (4/15)
 Temple: D:4-7

Altars:


Message History

No target in view!
No target in view!
Found a stone staircase leading up.
An ogre comes into view. It is wielding a +0 giant club.
The ogre shouts!
An ogre is nearby!
The ogre hits you with a +0 giant club!
You slash the ogre!
The ogre is moderately wounded.
The ogre hits you with a +0 giant club!
You are too injured to fight recklessly!
You are too injured to fight recklessly!
You are too injured to fight recklessly!
You are too injured to fight recklessly!
You are too injured to fight recklessly!
You are too injured to fight recklessly!
You are too injured to fight recklessly!
You are too injured to fight recklessly!
You are too injured to fight recklessly!
You are too injured to fight recklessly!
You are too injured to fight recklessly!
You are too injured to fight recklessly!
You are too injured to fight recklessly!
You are too injured to fight recklessly!
You are too injured to fight recklessly!
You are too injured to fight recklessly!
You hit the ogre.
The ogre is moderately wounded.
A goblin comes into view. It is wielding a +0 club.
You completely miss the ogre.
The ogre is moderately wounded.
The goblin shouts!
The ogre misses you.
There is a stone staircase leading up here.
The ogre attacks as you move away! The ogre hits you with a +0 giant club!
* * * LOW HITPOINT WARNING * * *
The ogre attacks as you move away! The ogre barely misses you.
The ogre attacks as you move away!
The ogre hits you with a +0 giant club!!
You die...

#...######.###
.......g..<..#
#...######.#.#
# ###.#.#
##.#.#.#
##.#....#
#.###g..#
##.#O..##
#.@#### #..#
#..# #.# #..#
..# #########
#..# #.#
#.......# #..#
#.# #.#####.#
#..# #.###.#
#.# #..#
#.....#
#.###..#


You could see an ogre and a goblin.

Vanquished Creatures
  Sigmund (D:4)
  3 iguanas (D:4)
  An orc wizard (D:3)
  3 gnolls (D:3)
  4 adders
  2 worms
  A dart slug (D:2)
  12 orcs
  5 bats
  2 endoplasms
  2 giant cockroaches
  5 goblins
  5 hobgoblins
  9 kobolds
  2 quokkas
  6 ball pythons
  4 frilled lizards
  12 rats
79 creatures vanquished.

Notes
Turn   | Place    | Note
-------+----------+-------------------------------------------
     0 | D:1      | Nithhogg the Hill Orc Fighter began the quest for the Orb.
     0 | D:1      | Reached XP level 1. HP: 19/19 MP: 1/1
     0 | D:1      | Upgraded the game from 0.30-a0-867-g305f332 to
                  | 0.30-a0-870-gc5d4c5a
   103 | D:1      | Upgraded the game from 0.30-a0-870-gc5d4c5a to
                  | 0.30-a0-879-ga8ba668
   107 | D:1      | Reached skill level 3 in Axes
   160 | D:1      | Reached XP level 2. HP: 27/27 MP: 2/2
   612 | D:2      | Reached XP level 3. HP: 32/33 MP: 3/3
   854 | D:2      | Reached XP level 4. HP: 39/41 MP: 4/4
   873 | D:2      | Reached skill level 4 in Axes
  1400 | D:3      | Upgraded the game from 0.30-a0-879-ga8ba668 to
                  | 0.30-a0-880-gc856795
  1665 | D:3      | Reached XP level 5. HP: 43/47 MP: 5/5
  1817 | D:3      | Reached skill level 5 in Fighting
  2199 | D:4      | Reached skill level 5 in Axes
  2238 | D:4      | Identified the +3 short sword of Ozuos {heavy, *Noise
                  | Fragile rElec Str+9}
  2295 | D:4      | Noticed Sigmund
  2310 | D:4      | Killed Sigmund
  2311 | D:4      | Reached skill level 6 in Axes
  2311 | D:4      | Reached skill level 5 in Armour
  2311 | D:4      | Reached XP level 6. HP: 10/56 MP: 6/6
  2845 | D:4      | Mangled by an ogre

Illustrated notes

Levels and vault maps discovered:
D:1:      minmay_arrival_jagged, layout_loops_ring
D:2:      layout_loops_ring, serial_bayou_pond_e
D:3:      layout_loops_ring
D:4:      layout_loops_ring, hangedman_abyss_or_decor_slice, minivault_27,
          uniq_sigmund

Skill      XL: |  1  2  3  4  5 |
---------------+----------------+-----
Axes           | 3 4 6 |  6.3
Fighting       | 4 5 |  5.7
Armour         | 4 5 |  5.2
Shields        | |  3.2

Action                     |  1- 3 |  4- 6 || total
---------------------------+-------+-------++-------
  Melee: War axe           |   107 |   118 ||   225
         Punch             |       |     1 ||     1
    Use: Potion            |       |     1 ||     1
 Armour: Scale mail        |    55 |    62 ||   117
  Dodge: Dodged            |    56 |    52 ||   108

Table legend: (Time is in decaauts)
 A = Elapsed time spent in this place.
 B = Non-inter-level travel time spent in this place.
 C = Inter-level travel time spent in this place.
 D = Time resting spent in this place.
 E = Time spent auto-exploring this place.
 F = Levels seen in this place.
 G = Mean time per level.
                   A        B        C        D        E       F      G
               +--------+--------+--------+--------+--------+-----+--------+
         Total |   2912 |   2843 |     69 |      0 |   2263 |   4 |  728.0 |
       Dungeon |   2912 |   2843 |     69 |      0 |   2263 |   4 |  728.0 |
               +--------+--------+--------+--------+--------+-----+--------+

Top non-repeatable levels by time:
     D:4: 855 daAuts
     D:2: 742 daAuts
     D:3: 715 daAuts
     D:1: 598 daAuts
